 Dungeon Crawl Stone Soup version 0.16-a0-3625-g2624681 (webtiles) character file.

156 DEFE the Charmwright (level 5, 0/36 HPs)
             Began as a High Elf Skald on Jan 14, 2015.
             Killed from afar by an orc wizard (9 damage)
             ... with a puff of frost
             ... on level 4 of the Dungeon.
             The game lasted 00:13:32 (4254 turns).

DEFE the Charmwright (High Elf Skald)               Turns: 4254, Time: 00:13:33

Health: 0/36       AC:  5    Str: 12    XL:     5   Next: 14%
Magic:  4/12       EV: 12    Int: 16    God:
Gold:   163        SH:  0    Dex: 14    Spells: 4 memorised, 0 levels left

rFire  . . .     SeeInvis .     a - +1 falchion
rCold  . . .     Clarity  .     b - +1 leather armour
rNeg   . . .     SustAb   .     (no shield)
rPois  .         Gourm    .     p - +0 helmet
rElec  .         Spirit   .     (no cloak)
rCorr  .         Warding  .     (no gloves)
rMut   .         Stasis   .     (no boots)
MR     .....                    (no amulet)
Stlth  +.........               (no ring)
                                (no ring)

@: about to teleport, infused, singing, very slightly contaminated, not
resistant to hostile enchantments, very unstealthy
A: no striking features
a: Stop Singing


You were on level 4 of the Dungeon.
You were not hungry.

You visited 1 branch of the dungeon, and saw 4 of its levels.

You collected 163 gold pieces.

Inventory:

Hand weapons
 a - a +1 falchion (weapon)
Armour
 b - a +1 leather armour (worn)
 p - a +0 helmet (worn)
Scrolls
 e - a scroll of random uselessness {unknown}
 h - 2 scrolls of enchant weapon
 j - a scroll of teleportation
 k - 3 scrolls of enchant armour
 l - a scroll of amnesia
 q - a scroll of remove curse {unknown}
Potions
 g - a potion of cure mutation
 i - a potion of ambrosia
 m - 2 potions of flight
 n - a potion of magic
 r - a potion of haste
 t - a potion of curing
 u - a potion of poison {unknown}
Books
 c - a book of Battle

   Spells                             Type                      Level
   a - Infusion                       Charms                       1
   b - Shroud of Golubria             Charms/Translocation         2
   c - Song of Slaying                Charms                       2
   d - Spectral Weapon                Hexes/Charms                 3
   e - Regeneration                   Charms/Necromancy            3
Comestibles
 d - a bread ration
 f - 2 fruits
 o - 2 meat rations
 s - 2 chunks of flesh


   Skills:
 + Level 3.1 Fighting
 + Level 4.2 Long Blades
 - Level 1.2 Armour
 + Level 2.7 Dodging
 - Level 0.5 Stealth
 - Level 2.4 Spellcasting
 + Level 4.2 Charms


You couldn't memorise any spells.
You knew the following spells:

 Your Spells              Type           Power        Failure   Level  Hunger
a - Infusion              Chrm           ###...       4%          1    #......
b - Regeneration          Chrm/Necr      #.........   28%         3    ###....
c - Song of Slaying       Chrm           ###.....     8%          2    ###....
d - Shroud of Golubria    Chrm/Tloc      #.........   14%         2    ###....


Dungeon Overview and Level Annotations

Branches:
Dungeon (4/15)
 Temple: D:4-7

Altars:
Dithmenos
Vehumet

Annotations:
D:3 Grinder


Message History

The puff of frost hits you!
You barely miss the orc wizard.
The orc wizard is heavily wounded.
The orc wizard closely misses you.
You barely miss the orc wizard.
The orc wizard is heavily wounded.
The orc wizard barely misses you. The orc wizard hits you with a dagger.
Read which item? (? for menu, Esc to quit)
As you read the scroll of teleportation, it crumbles to dust.
You feel strangely unstable. The orc wizard completely misses you.
The orc hits you with a flail.
The orc wizard casts a spell.
You feel troubled.
You hit the orc wizard.
The orc wizard is almost dead.
The orc wizard hits you with a dagger.
* * * LOW HITPOINT WARNING * * *
The orc wizard gestures at you while chanting.
The puff of frost hits you!
You die...

##..................########.#
##.#........................#
.....####.........##########
......# #.#######.# ......##
..# #.# ......... . ...
.........#.# #.#. .
.........#.# ##### #....%#...
........... #@o.# #.....#...
..........#####oo.# #.... #...
..........oo...o..# #....##.##
####.....o#####o..#
#...##...## #..............#
#..##.....## #......####....#
#..#.......# #....... #....#
#......_..)( #......##
#....###..#.......# ....o..<
#.#.#.....##.....##


You could see 3 orc wizards and 2 orcs.

Vanquished Creatures
  Ijyb (D:2)
  Robin (D:3)
  A gnoll (D:1)
  3 adders
  A giant mite (D:1)
  A worm (D:2)
  2 giant geckos
  4 orcs (D:3)
  6 bats
  7 giant cockroaches
  14 goblins
  5 hobgoblins
  2 giant newts (D:2)
  5 jackals
  8 kobolds
  9 rats
70 creatures vanquished.

Notes
Turn   | Place    | Note
--------------------------------------------------------------
     0 | D:1      | DEFE, the High Elf Skald, began the quest for the Orb.
     0 | D:1      | Reached XP level 1. HP: 14/14 MP: 4/4
    48 | D:1      | Reached skill level 1 in Armour
    86 | D:1      | Reached XP level 2. HP: 6/19 MP: 6/6
   356 | D:1      | Reached XP level 3. HP: 10/25 MP: 8/8
  1226 | D:1      | Learned a level 3 spell: Regeneration
  1889 | D:2      | Reached XP level 4. HP: 30/30 MP: 11/11
  1951 | D:2      | Noticed Ijyb
  1963 | D:2      | Killed Ijyb
  2457 | D:3      | Reached skill level 4 in Charms
  2674 | D:3      | Found a shadowy altar of Dithmenos.
  2868 | D:3      | Noticed Robin
  2877 | D:3      | Killed Robin
  2877 | D:3      | Reached XP level 5. HP: 31/36 MP: 2/12
  3047 | D:3      | Noticed Grinder
  3064 | D:3      | Paralysed by Grinder for 7 turns
  3571 | D:4      | Noticed a phantom
  3947 | D:4      | Noticed an ogre
  4118 | D:4      | Learned a level 2 spell: Song of Slaying
  4124 | D:4      | Learned a level 2 spell: Shroud of Golubria
  4150 | D:4      | Found a radiant altar of Vehumet.
  4254 | D:4      | Killed from afar by an orc wizard

Action                   |  1- 3 |  4- 6 || total
-------------------------+-------+-------++-------
Melee: Falchion          |   146 |   117 ||   263
 Cast: Infusion          |     1 |    10 ||    11
       Regeneration      |       |     2 ||     2
       Song of Slaying   |       |     1 ||     1
  Use: Potion            |     2 |     1 ||     3
       Scroll            |     3 |     8 ||    11
 Stab: Sleeping          |     2 |       ||     2
  Eat: Chunk             |     3 |     4 ||     7
       Fruit             |       |     3 ||     3
       Beef jerky        |       |     1 ||     1
